[Event "Team 45 45 League T42"]
[Site "Internet Chess Club"]
[Date "2009.08.10"]
[Round "2"]
[White "crankn8tr"]
[Black "arjun"]
[Result "1/2-1/2"]
[WhiteElo "1533"]
[BlackElo "1548"]
[Opening "Scandinavian (center counter) defense"]
[ECO "B01"]
[Time "22:01:55"]
[TimeControl "2700+45"]

1. e4 d5 2. exd5 Qxd5 3. Nc3 Qa5 4. d4 c6 5. Nf3 Nf6 6. Be2 Bf5 7. O-O e6 8. a3
Nbd7 9. Bf4 Be7 10. b4 Qb6 11. Bd3 Bg4 12. Na4 Qd8 13. Nc3 Nb6 14. h3 Bxf3 15.
Qxf3 Qxd4 16. Ne2 Qd8 17. Rad1 Qc8 18. Be5 O-O 19. Nf4 Nbd5 20. Nh5 a5 21. Nxg7
Kxg7 22. Qg3+ Kh8 23. Qh4 Kg8 24. Qg3+ Kh8 25. Qh4 Kg8 26. Qg3+ Kh8 {Game drawn
by repetition} 1/2-1/2

[Event "Team 45 45 League T42"]
[Site "Internet Chess Club"]
[Date "2009.08.09"]
[Round "2"]
[White "vaknight"]
[Black "SugarIslander"]
[Result "1-0"]
[WhiteElo "1704"]
[BlackElo "1739"]
[Opening "Bird's opening"]
[ECO "A03"]
[Time "13:00:23"]
[TimeControl "2700+45"]

1. f4 d5 2. Nf3 Bf5 3. e3 Nf6 4. Be2 Nc6 5. c3 a6 6. O-O e6 7. d3 Be7 8. Nbd2
O-O 9. Nb3 h6 10. Nbd4 Nxd4 11. exd4 Rc8 12. Ne5 Nd7 13. Be3 c6 14. Kh1 f6 15.
Nf3 Qc7 16. Nh4 Bh7 17. Bh5 f5 18. Qe1 Bxh4 19. Qxh4 Nf6 20. Bf3 Kh8 21. Rae1
Qa5 22. Bc1 Rfe8 23. a3 c5 24. dxc5 Qxc5 25. Be3 Qf8 26. Bd4 b5 27. h3 Qf7 28.
Re3 Bg8 29. g4 Bh7 30. g5 Ng8 31. gxh6 Nxh6 32. Qxh6 e5 33. Bh5 Qg8 34. Qd6 exd4
35. Rxe8 Rxe8 36. Bxe8 Qxe8 37. Qe5 Qh5 38. Kg2 Bg8 39. Rf3 Qf7 40. Qxd4 Kh7 41.
Rg3 g6 42. Qe5 Qb7 43. d4 a5 44. Re3 Kh6 45. Qf6 Qc8 46. Qg5+ Kg7 47. Re7+ Bf7
48. h4 b4 49. h5 Qc6 50. hxg6 Qxg6 51. Qxg6+ Kxg6 52. Ra7 bxa3 53. bxa3 Kh5 54.
Kg3 a4 55. Rxa4 Be8 56. Ra6 Bc6 57. a4 Bd7 58. Rd6 Bxa4 59. Rxd5 Bc6 60. Re5 Bd7
61. c4 Be6 62. d5 Bd7 63. c5 Bc8 64. c6 Be6 65. dxe6 Kg6 66. c7 Kf6 67. c8=Q
{Black resigns} 1-0

[Event "Team 45 45 League T42"]
[Site "Internet Chess Club"]
[Date "2009.08.10"]
[Round "2"]
[White "oldsj"]
[Black "Kallistos"]
[Result "1-0"]
[WhiteElo "1640"]
[BlackElo "1592"]
[Opening "Scandinavian (center counter) defense"]
[ECO "B01"]
[Time "14:00:37"]
[TimeControl "2700+45"]

1. e4 d5 2. exd5 Qxd5 3. Nc3 Qa5 4. d4 c6 5. Nf3 Nf6 6. Bc4 Bf5 7. Bd2 e6 8. O-O
Nbd7 9. Nd5 Qd8 10. Ne3 Bg6 11. Re1 Be7 12. c3 O-O 13. Qb3 Qc7 14. Rad1 Bd6 15.
Nf1 a5 16. a4 Rab8 17. Bg5 b5 18. axb5 cxb5 19. Be2 b4 20. c4 Be7 21. Ng3 h6 22.
Be3 Nb6 23. Rc1 a4 24. Qd1 b3 25. Bd3 Bxd3 26. Qxd3 Bb4 27. Bd2 Bxd2 28. Nxd2
Rfd8 29. Ne2 Ng4 30. Nf3 Ne5 31. Nxe5 Qxe5 32. c5 Nc8 33. Qc4 Qd5 34. Qxa4 Ne7
35. Qc4 Nc6 36. Qc3 Nxd4 37. Nxd4 Qxd4 38. c6 Qxc3 39. Rxc3 Rdc8 40. Rd1 Rb6 41.
c7 Ra6 42. h4 Kh7 43. Rd8 Raa8 44. Rd7 Kg6 45. Rxb3 Ra1+ 46. Kh2 Rc1 47. Rb7 Kf6
48. b4 e5 49. Rb6+ Kf5 50. Rxf7+ Ke4 51. Rxg7 R8xc7 52. Rxc7 Rxc7 53. b5 Rc2 54.
Rf6 Rb2 55. b6 {Black resigns} 1-0

[Event "Team 45 45 League T42"]
[Site "Internet Chess Club"]
[Date "2009.08.09"]
[Round "2"]
[White "werty"]
[Black "Berkshires"]
[Result "1-0"]
[WhiteElo "1546"]
[BlackElo "1615"]
[Opening "Queen's pawn game, Chigorin variation"]
[ECO "D02"]
[Time "14:32:01"]
[TimeControl "2700+45"]

1. d4 d5 2. Nf3 Nc6 3. e3 Bg4 4. c4 e6 5. Nc3 Nf6 6. h3 Bh5 7. cxd5 Nxd5 8. Bb5
Qd6 9. O-O Be7 10. Ne4 Qd8 11. Bd2 O-O 12. Rc1 Ncb4 13. a3 a6 14. Bxb4 Nxb4 15.
Be2 Nd5 16. Nc3 c6 17. Ne5 Bxe2 18. Qxe2 f6 19. Nf3 Nxc3 20. Rxc3 Rc8 21. Rfc1
Qd6 22. b4 Bd8 23. Qc4 Bc7 24. Qc5 Qd8 25. Nd2 b6 26. Qc4 Qd6 27. Qxc6 Qxc6 28.
Rxc6 Rf7 29. Ne4 Rd7 30. f4 Kf8 31. Rxe6 Kf7 32. Rxb6 Re7 33. Nd6+ Kf8 34. Nxc8
Bxb6 35. Nxe7 Kxe7 36. Rc6 Bd8 37. Rxa6 f5 38. Rc6 Kd7 39. Rc4 Ke6 40. b5 Kd5
41. Rc2 Bb6 42. Kf2 Ke4 43. Rc6 Ba5 44. b6 Bd2 45. b7 Bxe3+ 46. Ke2 Bxf4 47. Rc8
Kxd4 48. b8=Q Bxb8 49. Rxb8 Kc5 50. a4 Kc6 51. a5 Kc7 52. Rb1 g5 53. a6 {Black
resigns} 1-0

[Event "Team 45 45 League T42"]
[Site "Internet Chess Club"]
[Date "2009.08.11"]
[Round "2"]
[White "beerss"]
[Black "jacknor"]
[Result "1-0"]
[WhiteElo "1410"]
[BlackElo "1642"]
[Opening "Sicilian"]
[ECO "B55"]
[Time "18:58:50"]
[TimeControl "2700+45"]

1. e4 c5 2. Nf3 d6 3. d4 cxd4 4. Nxd4 Nf6 5. Bd3 g6 6. O-O Bg7 7. Nc3 O-O 8. Nf3
Nc6 9. a3 a6 10. Rb1 Ng4 11. Re1 Nge5 12. Be2 b5 13. Nd5 Rb8 14. Bd2 Nxf3+ 15.
Bxf3 Nd4 16. Bc3 Nxf3+ 17. Qxf3 Bb7 18. Bxg7 Kxg7 19. Qc3+ Kg8 20. Qg3 Rc8 21.
c3 e6 22. Nf4 Kh8 23. h3 Rc5 24. Qe3 Re5 25. Qd4 Qc7 26. Nd3 Kg8 27. Nxe5 dxe5
28. Qe3 Qc6 29. Rbd1 f5 30. f3 fxe4 31. fxe4 Qc4 32. Kh2 Rf4 33. Rd8+ Kg7 34.
Rd7+ Rf7 35. Rxf7+ Kxf7 36. Qf2+ Ke7 37. Qh4+ Kd6 38. Rd1+ Kc6 39. Qd8 Qxe4 40.
Qd6# {Black checkmated} 1-0

[Event "Team 45 45 League T42"]
[Site "Internet Chess Club"]
[Date "2009.08.09"]
[Round "2"]
[White "yemisco1"]
[Black "GadsHill"]
[Result "0-1"]
[WhiteElo "1514"]
[BlackElo "1501"]
[Opening "Queen's Pawn"]
[ECO "A41"]
[Time "16:02:14"]
[TimeControl "2700+45"]

1. d4 d6 2. Nc3 Nf6 3. h3 Nbd7 4. Bg5 h6 5. Bxf6 Nxf6 6. e3 c6 7. Bd3 e5 8. dxe5
dxe5 9. a3 Be7 10. Bc4 Qc7 11. Nf3 O-O 12. O-O b5 13. Ba2 a6 14. Re1 Bb7 15. Qe2
c5 16. e4 Rad8 17. Nd2 c4 18. Rad1 Rfe8 19. Nf3 Bc5 20. Rxd8 Rxd8 21. Nd2 Bd4
22. Rd1 Nd7 23. Nf3 Bxc3 24. bxc3 f6 25. g4 Nc5 26. Rxd8+ Qxd8 27. Nd2 Qd6 28.
f3 Na4 29. Nb1 Nc5 30. Kg2 Ne6 31. Kg3 Nf4 32. Qe1 h5 33. a4 hxg4 34. hxg4 Ng6
35. axb5 axb5 36. Qc1 Bc6 37. Qd2 Qc7 38. Na3 Qa5 39. Nxc4 Qxa2 40. Qd8+ Kh7 41.
Nd6 Qg8 42. Qc7 Ba8 43. Nxb5 Qe6 44. Qd8 Bc6 45. Nc7 Qd7 46. Qxd7 Bxd7 47. c4
Ba4 48. c3 Nf4 49. Kf2 Kg6 50. c5 Nd3+ 51. Ke3 Nxc5 52. Nd5 Ne6 53. Ne7+ Kf7 54.
Nf5 Ng5 55. Nd6+ Kg6 56. f4 exf4+ 57. Kxf4 Bd1 58. e5 fxe5+ 59. Kxe5 Bxg4 60.
Ne8 Nf7+ 61. Kd5 Bd7 62. Nxg7 Kxg7 63. c4 Nd8 64. Kd6 Ba4 65. c5 Nc6 66. Kd5 Kf6
67. Kd6 Kf7 68. Kd5 Ke7 69. Kc4 Kd7 70. Kd5 Kc7 71. Kc4 Ne7 72. Kb4 Bd1 73. Kc4
Kc6 74. Kd4 Bf3 75. Ke5 Kxc5 76. Kf4 Bb7 77. Ke5 Bc8 78. Ke4 Nc6 79. Kf4 Nd4 80.
Ke5 Bd7 81. Ke4 Bc6+ 82. Ke5 Bb7 83. Kf4 Kd5 84. Ke3 Ba6 85. Kd2 Nf3+ 86. Ke3
Ne5 87. Kf4 Nd3+ 88. Ke3 Ke5 89. Kf3 Bb7+ 90. Ke3 Be4 91. Kd2 Kd4 92. Kc2 Nc5+
93. Kd2 Bd3 94. Ke1 Ke3 95. Kd1 Nb3 96. Ke1 Bc2 97. Kf1 Nd4 98. Kg2 Nf5 99. Kh3
Kf3 100. Kh2 Be4 101. Kg1 Ne3 102. Kh2 Bf5 103. Kg1 Kg3 104. Kh1 Bd3 105. Kg1
Ng2 106. Kh1 Nf4 107. Kg1 Nh3+ 108. Kh1 Be4# {White checkmated} 0-1

[Event "Team 45 45 League T42"]
[Site "Internet Chess Club"]
[Date "2009.08.06"]
[Round "2"]
[White "wrimle"]
[Black "Aquaman"]
[Result "0-1"]
[WhiteElo "1460"]
[BlackElo "1384"]
[Opening "Vienna gambit"]
[ECO "C29"]
[Time "15:00:11"]
[TimeControl "2700+45"]

1. e4 e5 2. Nc3 Nf6 3. f4 d6 4. Nf3 Nbd7 5. Bc4 Be7 6. d3 O-O 7. O-O c6 8. fxe5
dxe5 9. Bg5 Qb6+ 10. Kh1 Qxb2 11. Qd2 Bb4 12. Bxf6 Nxf6 13. Na4 Bxd2 14. Nxb2
Bc3 15. Rab1 Bxb2 16. Rxb2 Re8 17. Ng5 Re7 18. h3 h6 19. Nf3 Kf8 20. Nh4 Be6 21.
Bxe6 Rxe6 22. Rxb7 Re7 23. Rfb1 Rxb7 24. Rxb7 a5 25. Nf5 Ne8 26. Rb6 Nf6 27.
Rxc6 Nh5 28. Kh2 Nf4 29. Rc5 f6 30. a4 Ra7 31. Nd6 Ne6 32. Rc8+ Ke7 33. Nc4 Kd7
34. Rb8 Nd4 35. c3 Ne2 36. Rb5 Nxc3 37. Rxa5 Rxa5 38. Nxa5 Nxa4 39. Nb3 Kd6 40.
Kg3 Nc5 41. Nc1 g6 42. Kf3 h5 43. g4 hxg4+ 44. Kxg4 Ke6 45. h4 Nd7 46. Ne2 Nc5
47. Nc1 Nd7 48. Nb3 Kd6 49. d4 exd4 50. Nxd4 Ke5 51. Nc6+ Kxe4 52. Ne7 Ne5+ 53.
Kg3 Ke3 54. Nxg6 Nxg6 55. h5 Nh8 56. Kg4 Ke4 57. h6 f5+ 58. Kh3 f4 59. Kg2 Ke3
60. Kf1 Kf3 61. h7 Ke3 62. Kg2 Ke2 63. Kh3 f3 64. Kg4 f2 65. Kg5 f1=Q 66. Kh6
Qf6+ {White resigns} 0-1

[Event "Team 45 45 League T42"]
[Site "Internet Chess Club"]
[Date "2009.08.12"]
[Round "2"]
[White "nozmov"]
[Black "cobra2008"]
[Result "0-1"]
[WhiteElo "1417"]
[BlackElo "1526"]
[Opening "KGA: Fischer defense"]
[ECO "C34"]
[Time "18:00:04"]
[TimeControl "2700+45"]

1. f4 e5 2. e4 exf4 3. Nf3 d6 4. Bc4 g5 5. O-O Bg7 6. d4 h6 7. Nc3 Ne7 8. h4
gxh4 9. Nxh4 Nec6 10. Bxf7+ Kxf7 11. Rxf4+ Kg8 12. Qh5 Bxd4+ 13. Kf1 Qd7 14. Ng6
Rh7 15. Nf8 Qf7 16. Qd5 Qxd5 17. Nxd5 Rg7 18. c3 Be5 19. Rf2 Na6 20. Bxh6 Rg4
21. Re1 Rh4 22. Bg5 Rh1+ 23. Ke2 Rxe1+ 24. Kxe1 Bg3 25. Ng6 Be6 26. Nf6+ Kg7 27.
Nh5+ Kxg6 28. Nxg3 Kxg5 {White resigns} 0-1

[Event "Team 45 45 League T42"]
[Site "Internet Chess Club"]
[Date "2009.08.06"]
[Round "2"]
[White "sdcohle"]
[Black "kabubi"]
[Result "1-0"]
[WhiteElo "1356"]
[BlackElo "1189"]
[Opening "QGA: 3.e4"]
[ECO "D20"]
[Time "22:30:08"]
[TimeControl "2700+45"]

1. d4 d5 2. c4 dxc4 3. e4 e6 4. Bxc4 Bb4+ 5. Nc3 Bxc3+ 6. bxc3 Ne7 7. Nf3 O-O 8.
O-O Nd7 9. e5 Nb6 10. Bb3 c6 11. Qd3 Qc7 12. Bc2 Ng6 13. Nh4 Qe7 14. Nxg6 fxg6
15. a4 a5 16. Ba3 Qh4 17. Bxf8 Kxf8 18. Qf3+ Kg8 19. Bb3 Bd7 20. Rfe1 Re8 21.
Re4 Rf8 22. Qxf8+ Kxf8 23. Rxh4 h5 24. Re1 Ke7 25. Re3 Kd8 26. Rf3 Ke8 27. Rhf4
Kd8 28. Rf7 Kc7 29. Rxg7 {Black resigns} 1-0

[Event "Team 45 45 League T42"]
[Site "Internet Chess Club"]
[Date "2009.08.09"]
[Round "2"]
[White "optional"]
[Black "stputte"]
[Result "0-1"]
[WhiteElo "1550"]
[BlackElo "1441"]
[Opening "Alekhine's defense: Scandinavian variation"]
[ECO "B02"]
[Time "15:00:39"]
[TimeControl "2700+45"]

1. e4 Nf6 2. Nc3 d5 3. exd5 Nxd5 4. Nf3 Nxc3 5. bxc3 Nc6 6. d4 e6 7. Bd3 Bd6 8.
O-O O-O 9. Re1 Re8 10. Bd2 Ne7 11. c4 c5 12. d5 exd5 13. cxd5 Nxd5 14. Bc4 Be6
15. Bg5 Qd7 16. Kh1 Nc7 17. Bxe6 Rxe6 18. Ne5 Qe8 19. Nc4 Rxe1+ 20. Qxe1 Qxe1+
21. Rxe1 Bf8 22. Na5 Ne6 23. Bd2 b6 24. Nc6 Rc8 25. Nxa7 Ra8 26. Nc6 Rxa2 27.
Rc1 Bd6 28. Bc3 h6 29. g3 b5 30. Be5 Bxe5 31. Nxe5 Nd4 32. Nd3 Rxc2 33. Rxc2
Nxc2 34. Nxc5 b4 35. Nb3 f5 36. Kg1 Kf7 37. Kf1 Ke6 38. Ke2 Kd5 39. Kd2 Na3 40.
Kd3 g5 41. h3 h5 42. f4 g4 43. h4 Nc4 44. Nc1 Nd6 45. Kc2 Kc4 46. Nd3 b3+ 47.
Kd2 Ne4+ 48. Ke2 Nxg3+ 49. Kd2 Ne4+ 50. Ke3 Kc3 51. Nc1 b2 52. Ne2+ Kc4 53. Nd4
b1=Q 54. Nf3 {White resigns} 0-1

[Event "Team 45 45 League T42"]
[Site "Internet Chess Club"]
[Date "2009.08.11"]
[Round "2"]
[White "slipkid"]
[Black "icey"]
[Result "1-0"]
[WhiteElo "1457"]
[BlackElo "898"]
[Opening "Two knights defense"]
[ECO "C55"]
[Time "15:06:15"]
[TimeControl "2700+45"]

1. e4 e5 2. Nf3 Nc6 3. d4 exd4 4. Bc4 Nf6 5. O-O Bc5 6. c3 dxc3 7. Nxc3 O-O 8.
e5 Ng4 9. Bf4 Ngxe5 10. Nxe5 Nxe5 11. Bxe5 d6 12. Bd4 Bxd4 13. Qxd4 Be6 14. Bxe6
fxe6 15. Rfe1 e5 16. Qc4+ Rf7 17. Rad1 a6 18. Re3 b5 19. Qb3 c5 20. Qd5 Rc8 21.
Rf3 Qd7 22. Ne4 Rc6 23. Rxf7 Qxf7 24. Qxc6 Qxa2 25. Qe8# {Black checkmated} 1-0

[Event "Team 45 45 League T42"]
[Site "Internet Chess Club"]
[Date "2009.08.10"]
[Round "2"]
[White "Kevericz12"]
[Black "JimGaming"]
[Result "0-1"]
[WhiteElo "852"]
[BlackElo "1289"]
[Opening "Sicilian: Hungarian variation"]
[ECO "B27"]
[Time "21:04:51"]
[TimeControl "2700+45"]

1. e4 c5 2. Nf3 g6 3. c3 Bg7 4. Bc4 d6 5. d4 b6 6. Be3 Nf6 7. e5 Ng8 8. dxc5
bxc5 9. exd6 e6 10. Bxc5 Nf6 11. O-O O-O 12. Be3 a5 13. Qd2 Ba6 14. Bb3 Bxf1 15.
Kxf1 Ra6 16. Bh6 Qxd6 17. Qe3 Ng4 18. Qg5 Qd3+ 19. Kg1 Qf5 20. h3 Nxh6 21. Nbd2
f6 22. Qe3 Rd6 23. Ne4 Rc6 24. Nd4 Qe5 25. Nxc6 Nxc6 26. f4 Nf5 27. Qd3 Qxf4 28.
Rf1 Qe3+ 29. Qxe3 Nxe3 30. Re1 Nd5 31. c4 Ndb4 32. a3 Nd3 33. Rd1 Nf4 34. g3
Nxh3+ 35. Kh2 Ng5 36. Nd6 h5 37. c5 Kh7 38. Ba4 Ne5 39. c6 Nxc6 40. Bxc6 Rd8 41.
b4 axb4 42. axb4 Nf7 43. b5 Rxd6 44. Rxd6 Nxd6 45. b6 f5 46. b7 Nxb7 47. Bxb7 e5
48. Kg2 g5 49. Kf2 h4 50. Kf3 h3 51. Kf2 g4 52. Kg1 e4 53. Bc8 Kg6 54. Bd7 Bd4+
55. Kh1 Bf2 56. Kh2 e3 57. Be8+ Kf6 58. Bb5 Ke5 59. Bd3 f4 60. gxf4+ Kxf4 61.
Kh1 g3 62. Bf5 e2 63. Bxh3 e1=Q+ 64. Kg2 Qg1# {White checkmated} 0-1

[Event "Team 45 45 League T42"]
[Site "Internet Chess Club"]
[Date "2009.08.09"]
[Round "2"]
[White "trucazzo"]
[Black "TerryMalloy"]
[Result "1-0"]
[WhiteElo "2079"]
[BlackElo "2020"]
[Opening "Queen's pawn game"]
[ECO "D04"]
[Time "08:17:03"]
[TimeControl "2700+45"]

1. d4 Nf6 2. Nf3 d5 3. e3 Bg4 4. h3 Bxf3 5. Qxf3 e6 6. Bd3 c5 7. c3 Nc6 8. O-O
Bd6 9. Nd2 O-O 10. Qe2 e5 11. dxc5 Bxc5 12. e4 d4 13. Nf3 dxc3 14. bxc3 h6 15.
Rb1 Qc7 16. Nh2 Ne7 17. Ng4 Nxg4 18. hxg4 Ng6 19. g5 hxg5 20. Bxg5 Rac8 21. g3
Be7 22. Be3 b6 23. Kg2 Qd6 24. Rh1 Rxc3 25. Rbd1 Qc6 26. Qh5 f5 27. Rc1 f4 28.
Bd2 f3+ 29. Kh2 Rc5 30. Be3 Kf7 31. Qxf3+ Ke8 32. Qg4 Rh8+ 33. Kg2 Rxh1 34. Rxh1
Rc3 35. Bb5 Qxb5 36. Qxg6+ Kd7 37. Rd1+ Rd3 38. Qg4+ Kc7 39. Qe2 Rd5 40. Qc2+
Rc5 41. Bxc5 Qxc5 42. Qa4 b5 43. Qa5+ Qb6 44. Qxb6+ Kxb6 45. Rd7 Bf6 46. f4 a5
47. Kf3 Kc6 48. Rd5 exf4 49. gxf4 a4 50. Rd1 b4 51. e5 Be7 52. Ke4 b3 53. axb3
a3 54. Kd4 Kb5 55. Kc3 Bb4+ 56. Kc2 Bc5 57. Kb1 Kb4 58. Ka2 Be3 59. Re1 {Black
resigns} 1-0

[Event "Team 45 45 League T42"]
[Site "Internet Chess Club"]
[Date "2009.08.09"]
[Round "2"]
[White "hondocando"]
[Black "katesolu"]
[Result "1-0"]
[WhiteElo "1679"]
[BlackElo "1755"]
[Opening "Sicilian: closed, 6.Be3"]
[ECO "B26"]
[Time "18:26:11"]
[TimeControl "2700+45"]

1. e4 c5 2. Nc3 d6 3. g3 Nc6 4. Bg2 g6 5. d3 Bg7 6. Be3 Nf6 7. f4 O-O 8. Qd2 Ng4
9. Nge2 Nxe3 10. Qxe3 Qb6 11. Rb1 Nd4 12. Qd2 Nxe2 13. Nd5 Qd8 14. Kxe2 Bg4+ 15.
Bf3 Bxf3+ 16. Kxf3 e6 17. Ne3 Rc8 18. Qg2 b5 19. g4 d5 20. g5 dxe4+ 21. dxe4 Qa5
22. a3 Rfd8 23. c3 Rd3 24. Rhd1 Rcd8 25. Rxd3 Rxd3 26. Qe2 Qd8 27. Rd1 Rxd1 28.
Qxd1 Qe7 29. h4 f6 30. Qb3 Qd7 31. Qd1 Qc7 32. Qd2 fxg5 33. hxg5 Qe7 34. c4 bxc4
35. Nxc4 Bd4 36. b3 Kg7 37. Kg4 Qb7 38. Qd3 Qd7 39. Ne5 Qc7 40. Nf3 Bb2 41. a4
Kf7 42. Qc4 a5 43. f5 gxf5+ 44. exf5 Qc6 45. f6 Qd6 46. Qc2 Bxf6 47. gxf6 Kxf6
48. Qxh7 Qd1 49. Qh8+ Ke7 50. Qc3 Kf7 51. Qxc5 Qe2 52. Qxa5 Qe4+ 53. Kg3 Qg6+
54. Qg5 Qd3 55. b4 Qa3 56. a5 {Black resigns} 1-0

[Event "Team 45 45 League T42"]
[Site "Internet Chess Club"]
[Date "2009.08.06"]
[Round "2"]
[White "isolani"]
[Black "chess2k7"]
[Result "0-1"]
[WhiteElo "1500"]
[BlackElo "1747"]
[Opening "Queen's Indian: 4.Nc3"]
[ECO "E12"]
[Time "22:00:06"]
[TimeControl "2700+45"]

1. d4 Nf6 2. Nf3 e6 3. c4 b6 4. Nc3 Ba6 5. Qa4 Bb7 6. Qc2 Be7 7. e4 Bb4 8. Bd3
d5 9. cxd5 exd5 10. e5 Ne4 11. O-O Bxc3 12. bxc3 O-O 13. Nd2 f5 14. f3 Nxd2 15.
Bxd2 Ba6 16. Rf2 Bxd3 17. Qxd3 c5 18. Re1 Nc6 19. f4 c4 20. Qh3 Qc8 21. Bc1 Qa6
22. Kh1 b5 23. g4 Ne7 24. e6 Rae8 25. Re5 fxg4 26. Qxg4 Ng6 27. f5 Nxe5 28. dxe5
Rxe6 29. fxe6 Rxf2 30. Bh6 Qb7 31. Qg5 Kf8 32. e7+ Qxe7 33. Bxg7+ Qxg7 34. Qd8+
Kf7 35. Qxd5+ Kg6 36. Qe6+ Kh5 37. Qh3+ Kg6 38. Qe6+ Kg5 {White resigns} 0-1

[Event "Team 45 45 League T42"]
[Site "Internet Chess Club"]
[Date "2009.08.09"]
[Round "2"]
[White "tammany"]
[Black "betto2506"]
[Result "1-0"]
[WhiteElo "1684"]
[BlackElo "1470"]
[Opening "English: Neo-Catalan declined"]
[ECO "E06"]
[Time "12:30:04"]
[TimeControl "2700+45"]

1. Nf3 d5 2. c4 e6 3. g3 Nf6 4. Bg2 Be7 5. O-O O-O 6. d4 c5 7. cxd5 Nxd5 8. e4
Nb6 9. Nc3 cxd4 10. Nxd4 e5 11. Ndb5 Qxd1 12. Rxd1 Na6 13. Nd5 Nxd5 14. exd5 Rd8
15. d6 Bf6 16. Be3 Bg4 17. f3 Be6 18. a3 Bb3 19. Rd2 Ba4 20. Nxa7 Nb8 21. Bb6
Re8 22. Rc1 Nd7 23. Be3 Nb8 24. Rc7 Bc6 25. Nxc6 bxc6 26. d7 Rd8 27. Bb6 Na6 28.
Rxc6 Rdb8 29. d8=Q+ Bxd8 30. Rxd8+ Rxd8 31. Bxd8 Rxd8 32. Rxa6 g6 33. h4 Rd1+
34. Kh2 Rd2 35. b4 h5 36. b5 Kg7 37. Ra4 f5 38. b6 Rd7 39. Rb4 e4 40. fxe4 fxe4
41. Bxe4 Rd2+ 42. Bg2 Ra2 43. a4 Kf6 44. b7 {Black resigns} 1-0

[Event "Team 45 45 League T42"]
[Site "Internet Chess Club"]
[Date "2009.08.08"]
[Round "2"]
[White "tsia68"]
[Black "upsan"]
[Result "1/2-1/2"]
[WhiteElo "1943"]
[BlackElo "1897"]
[Opening "French: King's Indian attack"]
[ECO "C00"]
[Time "14:00:13"]
[TimeControl "2700+45"]

1. e4 e6 2. d3 d5 3. Nd2 Nf6 4. Ngf3 b6 5. g3 dxe4 6. dxe4 Bb7 7. Qe2 Nc6 8. c3
a5 9. e5 Nd7 10. Bg2 Ncxe5 {Game drawn by mutual agreement} 1/2-1/2

[Event "Team 45 45 League T42"]
[Site "Internet Chess Club"]
[Date "2009.08.05"]
[Round "2"]
[White "qs16"]
[Black "room-matt"]
[Result "1-0"]
[WhiteElo "1731"]
[BlackElo "1780"]
[Opening "Queen's pawn game"]
[ECO "A45"]
[Time "09:08:32"]
[TimeControl "2700+45"]

1. d4 Nf6 2. Nd2 e6 3. e3 c5 4. c3 b6 5. Bd3 Bb7 6. Ngf3 d6 7. O-O Nbd7 8. Re1
Be7 9. e4 O-O 10. e5 dxe5 11. dxe5 Nd5 12. Ne4 h6 13. a3 Rc8 14. c4 Nc7 15. Bf4
a6 16. Qe2 Ne8 17. Rad1 Bc6 18. Bc2 Qc7 19. Qd3 Rd8 20. Nd6 f5 21. exf6 Ndxf6
22. Nxe8 Rxd3 23. Nxc7 Rxd1 24. Rxd1 Nh5 25. Bg3 Nxg3 26. hxg3 Bxf3 27. gxf3
Rxf3 28. Nxe6 Kf7 29. Kg2 Rf6 30. Nf4 Rc6 31. Rd7 Ke8 32. Rb7 Rd6 33. Nd5 Bd8
34. Ba4+ b5 35. cxb5 Rxd5 36. bxa6+ {Black resigns} 1-0

[Event "Team 45 45 League T42"]
[Site "Internet Chess Club"]
[Date "2009.08.05"]
[Round "2"]
[White "VietLion"]
[Black "oldsj"]
[Result "1-0"]
[WhiteElo "1897"]
[BlackElo "1619"]
[Opening "KGD: Nimzovich counter-gambit"]
[ECO "C31"]
[Time "13:00:20"]
[TimeControl "2700+45"]

1. e4 e5 2. f4 d5 3. exd5 c6 4. dxc6 Nxc6 5. Bb5 Bd6 6. d4 exd4 7. Bxc6+ bxc6 8.
Qxd4 Nf6 9. Qe3+ Be7 10. Nc3 O-O 11. Bd2 Re8 12. O-O-O Bb4 13. Qg3 Qb6 14. Nh3
Bf5 15. Rhe1 Re6 16. Ng5 Rxe1 17. Rxe1 Rd8 18. Qe3 Bc5 19. Qe5 Bd7 20. Na4 Qa6
21. Nxc5 Qxa2 22. Nb3 Qa6 23. Qe7 Re8 24. Qxf7+ Kh8 25. Rxe8+ Bxe8 26. Qf8+ Ng8
27. Qxe8 {Black resigns} 1-0

[Event "Team 45 45 League T42"]
[Site "Internet Chess Club"]
[Date "2009.08.09"]
[Round "2"]
[White "Hubris123"]
[Black "nardz"]
[Result "1-0"]
[WhiteElo "2079"]
[BlackElo "1993"]
[Opening "Sicilian: Najdorf, 6.f4"]
[ECO "B93"]
[Time "21:00:08"]
[TimeControl "2700+45"]

1. e4 c5 2. Nf3 d6 3. d4 cxd4 4. Nxd4 Nf6 5. Nc3 a6 6. f4 e6 7. Be2 Qc7 8. O-O
Be7 9. Be3 b5 10. e5 dxe5 11. fxe5 Qxe5 12. Bf4 Qc5 13. Bf3 Nd5 14. Nxd5 exd5
15. Be3 O-O 16. Nf5 Qc7 17. Bxd5 Bb7 18. Qg4 g6 19. Bd4 h5 20. Qxg6# {Black
checkmated} 1-0

[Event "Team 45 45 League T42"]
[Site "Internet Chess Club"]
[Date "2009.08.07"]
[Round "2"]
[White "upsan"]
[Black "livis"]
[Result "1-0"]
[WhiteElo "1895"]
[BlackElo "2019"]
[Opening "French: exchange variation"]
[ECO "C01"]
[Time "16:01:41"]
[TimeControl "2700+45"]

1. e4 e6 2. d4 d5 3. exd5 exd5 4. Nf3 h6 5. Bd3 Be6 6. O-O Bd6 7. Nc3 a6 8. Be3
Ne7 9. Re1 Nbc6 10. a3 Qd7 11. b4 Na7 12. Ne5 Bxe5 13. dxe5 Nac6 14. Bc5 b6 15.
Bxe7 Nxe7 16. b5 axb5 17. Nxb5 Nc8 18. Qf3 c6 19. Nd4 Ne7 20. Qg3 g6 21. Qf4 Nf5
22. Nxf5 gxf5 23. Qb4 Rb8 24. a4 Qe7 25. Reb1 Qxb4 26. Rxb4 Kd7 27. Rf4 c5 28.
Bxf5 Bxf5 29. Rxf5 Ke6 30. Rh5 d4 31. Kf1 Kd5 32. Ke2 Kc4 33. Kd2 Rhe8 34. f4
Rh8 35. Rf5 Rhg8 36. g3 Rg7 37. Rf6 b5 38. axb5 Rxb5 39. Rxh6 Kd5 40. Re1 Kc4
41. e6 fxe6 42. Rexe6 Rgb7 43. Re1 Rb2 44. Rc1 Rd7 45. Re6 d3 46. Re4+ Kb5 47.
Kc3 Ra2 48. Rb1+ Kc6 49. cxd3 Rda7 50. h4 Rb2 51. Rxb2 {Black resigns} 1-0

[Event "Team 45 45 League T42"]
[Site "Internet Chess Club"]
[Date "2009.08.06"]
[Round "2"]
[White "rubo"]
[Black "cityprosecutor"]
[Result "1/2-1/2"]
[WhiteElo "1691"]
[BlackElo "1788"]
[Opening "Bird's opening"]
[ECO "A02"]
[Time "22:06:51"]
[TimeControl "2700+45"]

1. f4 g6 2. Nf3 d5 3. e3 Bg7 4. Be2 Nh6 5. O-O O-O 6. Na3 Nf5 7. d4 Nd7 8. c4 e6
9. Qb3 c6 10. Bd2 a5 11. cxd5 exd5 12. Rac1 Nf6 13. Bd3 Nd6 14. Nb1 Nde4 15.
Bxe4 Nxe4 16. Be1 Re8 17. Nbd2 a4 18. Qc2 Nd6 19. Qc3 Nb5 20. Qd3 Bf5 21. Qe2
Nxd4 22. Nxd4 Bxd4 23. Bf2 Bxb2 24. Rce1 a3 25. g4 Be4 26. Nxe4 Rxe4 27. Qd2 Qa5
28. Rd1 Qb5 29. Qd3 Qxd3 30. Rxd3 b5 31. Be1 Rae8 32. Bd2 d4 33. exd4 Rxd4 34.
Rxd4 Bxd4+ 35. Kh1 Re2 36. Rd1 c5 37. h3 b4 38. Bxb4 cxb4 39. Rxd4 Rxa2 40. Rxb4
Kg7 41. Ra4 h5 42. g5 Kf8 43. Ra7 Ra1+ 44. Kg2 a2 45. h4 Ke8 46. Kh2 Rf1 47.
Rxa2 Rxf4 48. Re2+ Kd7 49. Kg3 Rd4 50. Re3 Kd6 51. Kh3 Kd5 52. Rf3 Ke6 53. Re3+
Kf5 54. Rf3+ Rf4 55. Kg3 Rxf3+ 56. Kxf3 Ke5 57. Ke3 Kd5 58. Kd3 Ke6 59. Ke4 Kd6
60. Kd4 Ke6 61. Ke4 f6 62. gxf6 Kxf6 63. Kf4 Kf7 64. Kf3 Ke6 65. Ke4 Kf7 66. Kf3
Ke6 67. Ke4 Kf7 68. Kf3 Kg7 69. Ke4 Kh7 70. Kf3 Kh6 71. Kf4 g5+ 72. hxg5+ Kg6
73. Kg3 Kxg5 74. Kh3 h4 75. Kh2 Kg4 76. Kg2 h3+ 77. Kh2 Kh4 78. Kh1 Kg3 79. Kg1
h2+ 80. Kh1 Kh3 {White stalemated} 1/2-1/2

[Event "Team 45 45 League T42"]
[Site "Internet Chess Club"]
[Date "2009.08.08"]
[Round "2"]
[White "Folgers"]
[Black "chiiwen"]
[Result "1/2-1/2"]
[WhiteElo "2051"]
[BlackElo "2100"]
[Opening "Trompowsky attack (Ruth, Opocenský opening)"]
[ECO "A45"]
[Time "18:00:07"]
[TimeControl "2700+45"]

1. d4 Nf6 2. Bg5 Ne4 3. Bf4 d5 4. e3 Bf5 5. Bd3 Bg6 6. f3 Nf6 7. Ne2 Nbd7 8. c4
e6 9. Nbc3 Bb4 10. O-O O-O 11. Bg5 h6 12. Bh4 Bxd3 13. Qxd3 Be7 14. Rac1 c5 15.
cxd5 Nxd5 16. Bxe7 Nxe7 17. Qb5 cxd4 18. Nxd4 Nb6 19. Rfd1 Qb8 20. Nb3 Rd8 21.
Nc5 Rxd1+ 22. Rxd1 Qc7 23. Nd7 Nbd5 24. Nxd5 Nxd5 25. Nc5 b6 26. e4 Nf4 27. Nd3
Qc2 28. Nf2 Rc8 29. g3 Ng6 30. Kf1 Nf8 31. Qe2 {Game drawn by mutual agreement}
1/2-1/2